 Dungeon Crawl Stone Soup version 0.30.1-1-g62c8e00024 (webtiles) character file.

Game seed: 705432118389499582

5529 GeoRichter the Spear-Bearer (level 10, -1/72 HPs)
             Began as a Demonspawn Warper on July 16, 2023.
             Was an Elder of Hepliaklqana.
             Slain by a 12-headed hydra (13 damage)
             ... on level 9 of the Dungeon.
             The game lasted 00:19:53 (9323 turns).

GeoRichter the Spear-Bearer (Demonspawn Warper)     Turns: 9323, Time: 00:19:54

Health: -1/72      AC:  8    Str: 15    XL:     10   Next: 43%
Magic:  13/13      EV: 11    Int: 15    God:    Hepliaklqana [****..]
Gold:   427        SH:  0    Dex: 13    Spells: 11/13 levels left

rFire   + . .        a - +5 war axe
rCold   . . .        (no shield)
rNeg    . . .        Q - +0 troll leather armour
rPois   .            (helmet restricted)
rElec   .            D - +0 cloak
rCorr   .            i - +0 pair of gloves
SInv    .            n - +0 pair of boots
Will    .....        (no amulet)
Stlth   +            g - ring of protection from fire
HPRegen 1.12/turn    s - ring of wizardry
MPRegen 0.26/turn

%: wizardry (x1)
@: hasted, very quick
A: reduced essence, horns 2, foul stench 2, magic regeneration, sharp scales 1
a: Renounce Religion, Recall Ancestor, Ancestor Identity, Transference, Idealise


You were on level 9 of the Dungeon.
You worshipped Hepliaklqana.
Hepliaklqana was greatly pleased with you.
You visited 2 branches of the dungeon, and saw 10 of its levels.

You collected 557 gold pieces.
You spent 130 gold pieces at shops.

Inventory:

Hand Weapons
 a - a +5 war axe (weapon)
   (You took it off a wight on level 7 of the Dungeon)
 b - a +2 hand axe of flaming
   (You took it off an orc on level 6 of the Dungeon)
 M - a +0 spear
Missiles
 d - 7 boomerangs of dispersal {!f}
 m - 11 poisoned darts (quivered)
Armour
 i - a +0 pair of gloves (worn)
   (You found it on level 1 of the Dungeon)
 n - a +0 pair of boots (worn)
   (You found it on level 2 of the Dungeon)
 D - a +0 cloak (worn)
   (You took it off Crazy Yiuf on level 4 of the Dungeon)
 Q - a +0 troll leather armour (worn)
   (You found it on level 9 of the Dungeon)
Jewellery
 g - a ring of protection from fire (left hand)
   (You found it on level 1 of the Dungeon)
 s - a ring of wizardry (right hand)
   (You found it on level 2 of the Dungeon)
 w - a ring of ice
   (You found it on level 3 of the Dungeon)
 F - a +6 ring of dexterity
   (You found it on level 5 of the Dungeon)
Wands
 t - a wand of flame (6)
   (You took it off Robin on level 1 of the Dungeon)
 u - a wand of mindburst (20)
   (You found it on level 4 of the Dungeon)
 B - a wand of roots (8)
   (You found it on level 4 of the Dungeon)
 E - a wand of digging (4)
   (You found it on level 6 of the Dungeon)
Scrolls
 c - 2 scrolls of enchant armour {unknown}
 k - a scroll of poison {unknown}
 o - a scroll of amnesia
 v - 2 scrolls of silence
 x - a scroll of magic mapping {unknown}
 y - a scroll of fear
 G - a scroll of teleportation {unknown}
 H - a scroll of noise {unknown}
 I - a scroll of enchant weapon {unknown}
 J - 3 scrolls of identify {@r1}
 K - 4 scrolls of blinking
 L - a scroll of butterflies {unknown}
 P - a scroll of fog {unknown}
Potions
 e - 2 potions of ambrosia
 f - 2 potions of cancellation
 h - 3 potions of attraction {unknown}
 l - 6 potions of curing {@q1}
 p - a potion of might {unknown}
 q - 3 potions of mutation {!q}
 r - 2 potions of invisibility
 z - a potion of brilliance {unknown}
 A - a potion of flight {unknown}
 C - a potion of haste {@q3}
 N - 2 potions of lignification {unknown}
 O - a potion of heal wounds {@q2}


   Skills:
 + Level 7.9 Fighting
 * Level 8.5(10.4) Axes
 - Level 9.4(10.8) Polearms
 - Level 0.8 Throwing
 - Level 0.8 Armour
 - Level 1.7 Dodging
 - Level 2.0 Spellcasting
 - Level 2.6 Translocations


You had 11 spell levels left.
You knew the following spells:

 Your Spells              Type           Power      Damage    Failure   Level
a - Blink                 Tloc           18%        N/A       6%          2

Your spell library contained the following spells:

 Spells                   Type           Power      Damage    Failure   Level
 Lesser Beckoning         Tloc           18%        N/A       6%          2
 Momentum Strike          Conj/Tloc      10%        3d8       10%         2
 Teleport Other           Tloc           9%         N/A       11%         3
 Cigotuvi's Dreadful Rot  Necr/Pois/Air  2%         N/A       16%         2
 Portal Projectile        Hex/Tloc       10%        N/A       19%         3
 Vhi's Electric Charge    Tloc/Air       10%        N/A       19%         3
 Ignite Poison            Fire/Tmut/Pois 1%         N/A       32%         3
 Tukima's Dance           Hex            1%         N/A       32%         3
 Manifold Assault         Tloc           9%         N/A       32%         4
 Animate Dead             Necr           1%         N/A       69%         4
 Blade Hands              Tmut           0%         N/A       95%         5
 Borgnjor's Vile Clutch   Necr/Erth      0%         N/A       95%         5
 Freezing Cloud           Conj/Ice/Air   0%         6-21      95%         5
 Death Channel            Necr           0%         N/A       100%        6


Dungeon Overview and Level Annotations

Branches:
Dungeon (9/15) Zot: 26424  Temple (1/1) D:4 Zot: 5968
   Lair: D:8-11         Orc: D:9-12

Altars:
Ashenzari
Cheibriados
Dithmenos
Gozag
Hepliaklqana
Kikubaaqudgha
Makhleb
Nemelex Xobeh
Okawaru
Qazlal
Ru
Sif Muna
Trog
Uskayaw
Vehumet
Wu Jian
Xom
Yredelemnul

Shops:
D:3 ?

Annotations:
D:8 exclusion: 2 doors


Innate Abilities, Weirdness & Mutations

Your life essence is reduced to manifest your ancestor. (-10% HP)
You have a pair of horns on your head.
You sometimes emit foul miasma when damaged in melee.
You regenerate magic rapidly.
You are partially covered in razor-sharp scales. (AC +1, Slay +1)


Message History

The seven-headed hydra closely misses Zorana.
The seven-headed hydra bites Zorana.
The seven-headed hydra bites Zorana!!
The seven-headed hydra bites Zorana!
The seven-headed hydra closely misses Zorana.
The seven-headed hydra bites Zorana.
The seven-headed hydra bites Zorana!
Zorana is destroyed!
Things that are here:
a +0 ring mail; a troll corpse
There is a stone staircase leading down here.
Your +2 hand axe of flaming stops flaming.
a - a +5 war axe (weapon)
You feel yourself speed up.
You chop one of the seven-headed hydra's heads off!
The six-headed hydra grows two more!
You slice the eight-headed hydra!!
The eight-headed hydra is moderately wounded.
The eight-headed hydra completely misses you.
The eight-headed hydra bites you but does no damage.
The eight-headed hydra barely misses you. x2
The eight-headed hydra bites you but does no damage.
The eight-headed hydra bites you.
You emit a cloud of foul miasma!
The eight-headed hydra bites you. The eight-headed hydra bites you!
You lop one of the eight-headed hydra's heads off!
The seven-headed hydra grows two more!
You slash the nine-headed hydra! You headbutt the nine-headed hydra!
The nine-headed hydra is moderately wounded.
You slice one of the nine-headed hydra's heads off!
The eight-headed hydra grows two more!
You slash the ten-headed hydra!
The ten-headed hydra is heavily wounded.
The ten-headed hydra is engulfed in dark miasma.
The ten-headed hydra is poisoned.
The ten-headed hydra seems to slow down.
The ten-headed hydra barely misses you. The ten-headed hydra bites you. x2
The ten-headed hydra closely misses you.
The ten-headed hydra bites you! The ten-headed hydra barely misses you.
The ten-headed hydra bites you! The ten-headed hydra bites you. x2
* * * LOW HITPOINT WARNING * * *
The ten-headed hydra bites you!
* * * LOW HITPOINT WARNING * * *
You chop one of the ten-headed hydra's heads off!
The nine-headed hydra grows two more!
You slash the 11-headed hydra!
The 11-headed hydra is heavily wounded.
You slice one of the 11-headed hydra's heads off!
The ten-headed hydra grows two more!
You slash the 12-headed hydra!
The 12-headed hydra is moderately wounded.
The 12-headed hydra is no longer moving slowly.
The 12-headed hydra is engulfed in dark miasma.
The 12-headed hydra bites you!
* * * LOW HITPOINT WARNING * * *
The 12-headed hydra bites you!
You die...

#######.#..# ##...P#
#..........# #P....P
.#####.#.## #...... #.#.#
#..P... #.#.# ##P##.[ #.#.#
########.###. #.#####.#.#
#>.T.T.......
........#.#######.###......##
............@DT...#..........
#.#######.######..#.#.##..###
### #......###.# ########
>..# ..#... #. .## ## ..


You could see a 12-headed hydra (poisoned) and a troll.

Vanquished Creatures
  Sigmund (D:2)
  4 yaks (D:8)
  3 water moccasins
  An ice beast (D:7)
  A black bear (D:6)
  2 ogres
  A centaur (D:9)
  A phantom (D:7)
  A kobold brigand (D:8)
  A bullfrog (D:6)
  4 scorpions
  6 wights
  4 killer bees
  2 howler monkeys (D:7)
  2 crimson imps (D:8)
  3 jellies
  Crazy Yiuf (D:4)
  A sleepcap (D:5)
  Jessica (D:2)
  2 orc wizards
  Robin (D:1)
  6 adders
  2 worms
  7 dart slugs
  19 orcs
  4 ball pythons
  3 endoplasms
  2 giant cockroaches (D:1)
  15 goblins
  6 hobgoblins
  4 jackals
  4 quokkas (D:2)
  4 bats
  A frilled lizard (D:1)
  11 kobolds
  9 rats
140 creatures vanquished.

Vanquished Creatures (collateral kills)
  A troll (D:9)
  A wyvern (D:9)
  A yak (D:8)
  A shadow (D:9)
  A water moccasin (D:8)
  3 orc warriors
  An ice beast (D:5)
  An ogre (D:7)
  A centaur (D:7)
  A kobold brigand (D:8)
  A bullfrog (D:7)
  A scorpion (D:5)
  3 wights
  8 killer bees
  A howler monkey (D:7)
  2 crimson imps (D:8)
  2 jellies (D:6)
  3 hounds
  2 orc priests
  A sleepcap (D:7)
  6 orc wizards
  4 adders
  2 white imps (D:5)
  2 ufetubi (D:5)
  2 worms
  18 orcs
  A jackal (D:3)
  3 kobolds (D:8)
74 creatures vanquished.

Vanquished Creatures (others)
  2 battlemagi
  2 ancestors (D:4)
4 creatures vanquished.

Grand Total: 218 creatures vanquished

Notes
Turn   | Place    | Note
-------+----------+-------------------------------------------
     0 | D:1      | GeoRichter the Demonspawn Warper began the quest for the
                  | Orb.
     0 | D:1      | Reached XP level 1. HP: 16/16 MP: 3/3
    54 | D:1      | Reached skill level 2 in Polearms
   157 | D:1      | Gained mutation: You may rarely emit foul miasma when
                  | damaged in melee. [demonic ancestry]
   157 | D:1      | Reached XP level 2. HP: 10/22 MP: 5/5
   494 | D:1      | Reached skill level 3 in Polearms
   800 | D:2      | Reached XP level 3. HP: 17/27 MP: 6/6
   930 | D:2      | Noticed Sigmund
  1100 | D:2      | Learned a level 2 spell: Blink
  1125 | D:2      | Noticed Jessica
  1300 | D:2      | Noticed Robin
  1352 | D:1      | Killed Robin
  1353 | D:1      | Gained mutation: You have a pair of small horns on your
                  | head. [demonic ancestry]
  1353 | D:1      | Reached XP level 4. HP: 23/33 MP: 7/7
  1403 | D:1      | Reached skill level 4 in Polearms
  1410 | D:2      | Killed Jessica
  1792 | D:2      | You fall into a shaft and drop 2 floors!
  1830 | D:4      | Found a staircase to the Ecumenical Temple.
  1847 | Temple   | Entered the Ecumenical Temple
  1874 | Temple   | Became a worshipper of Hepliaklqana the Forgotten
  1991 | D:4      | Noticed a scorpion
  1995 | D:4      | Killed a scorpion
  1996 | D:4      | Reached skill level 5 in Polearms
  1996 | D:4      | Reached XP level 5. HP: 30/38 MP: 8/8
  2286 | D:3      | Found an ornate altar of the Wu Jian Council.
  2398 | D:3      | Found a faded altar of an unknown god.
  2401 | D:3      | Reached * piety under Hepliaklqana
  2587 | D:3      | Found Deitutid's Magic Scroll Shoppe.
  2597 | D:3      | Bought a scroll of fear for 52 gold pieces
  2597 | D:3      | Bought a scroll of identify for 26 gold pieces
  2738 | D:3      | Bought a scroll of immolation for 52 gold pieces
  2784 | D:2      | Killed Sigmund
  2785 | D:2      | Reached skill level 6 in Polearms
  2785 | D:2      | Reached XP level 6. HP: 39/39 MP: 9/9
  3559 | D:4      | Found a runed translucent door.
  3560 | D:4      | Noticed Crazy Yiuf
  3774 | D:4      | Reached skill level 7 in Polearms
  3774 | D:4      | Gained mutation: You sometimes emit foul miasma when
                  | damaged in melee. [demonic ancestry]
  3774 | D:4      | Reached XP level 7. HP: 45/45 MP: 10/10
  4094 | D:4      | Killed Crazy Yiuf
  4150 | D:5      | Entered Level 5 of the Dungeon
  4273 | D:5      | Reached ** piety under Hepliaklqana
  4274 | D:5      | Remembered your ancestor Zorana as a battlemage
  4369 | D:5      | Reached skill level 8 in Polearms
  4590 | D:5      | Gained mutation: You have a pair of horns on your head.
                  | [demonic ancestry]
  4590 | D:5      | Reached XP level 8. HP: 52/52 MP: 11/11
  4850 | D:6      | Reached skill level 9 in Polearms
  5308 | D:6      | Reached skill level 1 in Axes
  5312 | D:6      | Found a bloodstained altar of Trog.
  5742 | D:7      | Reached *** piety under Hepliaklqana
  5881 | D:7      | Reached skill level 5 in Fighting
  5881 | D:7      | Gained mutation: You are partially covered in razor-sharp
                  | scales. (AC +1, Slay +1) [demonic ancestry]
  5881 | D:7      | Reached XP level 9. HP: 41/59 MP: 12/12
  6570 | D:7      | Reached skill level 5 in Axes
  6828 | D:7      | Found a shimmering blue altar of Sif Muna.
  7791 | D:8      | Reached **** piety under Hepliaklqana
  7960 | D:8      | Found a shimmering altar of Xom.
  7977 | D:8      | Gained mutation: You regenerate magic rapidly. [demonic
                  | ancestry]
  7977 | D:8      | Reached XP level 10. HP: 69/71 MP: 13/13
  8613 | D:8      | Noticed a shadow dragon
  9290 | D:9      | Found the +1 robe of Vines {NoPotionHeal Regen++++}
  9291 | D:9      | Noticed a seven-headed hydra
  9323 | D:9      | Slain by a 12-headed hydra

Illustrated notes

Levels and vault maps discovered:
D:1:      dpeg_arrival_long_road, layout_basic, minmay_hexomino_p4
D:2:      layout_loops_ring, uniq_jessica, uniq_robin, uniq_sigmund
D:3:      layout_rooms, nicolae_wu_jian_wuxing_cycle,
          nicolae_ecumenical_pavilion, serial_shops, nicolae_lakefront_shop,
          serial_bayou_pond_c
D:4:      layout_loops_ring, temple_pool_b, serial_demonic, serial_demonic_b,
          serial_demonic_b, serial_demonic_b, serial_demonic_g,
          uniq_crazy_yiuf_cottage
D:5:      minmay_angry_zag, layout_cave_pools, serial_park, serial_park_tiny_2,
          serial_park_fountain, serial_park_square1
          [serial_park_minivault_5x5_1], serial_park_square2,
          kennysheep_generic_room_6
D:6:      layout_basic, trog_three_pillars_becter, kennysheep_flooded_box
D:7:      layout_layer_cave, lemuel_blue_sif_altar, minmay_misc_feat_cross
D:8:      cheibrodos_two_vegetables, layout_loops_corners, led_xom_imps
D:9:      layout_loops_ring, grunt_decor_resistance,
          hellmonk_guarded_unrand_vines
Temple:   sentei_temple_godly_chess

Skill      XL: |  1  2  3  4  5  6  7  8  9 10 |
---------------+-------------------------------+-----
Polearms       | 2 3 5 6 7 8 9 |  9.4
Fighting       | 3 5 7 |  7.9
Axes           | 3 7 8 |  8.5
Throwing       | |  0.8
Armour         | |  0.8
Dodging        | |  1.7
Spellcasting   | |  2.0
Translocations | |  2.6

Action                     |  1- 3 |  4- 6 |  7- 9 | 10-12 || total
---------------------------+-------+-------+-------+-------++-------
  Melee: Spear             |   178 |   142 |   143 |       ||   463
         Headbutt          |       |    19 |    47 |     9 ||    75
         Punch             |       |     1 |     1 |     2 ||     4
         Hand axe          |       |       |    44 |       ||    44
         War axe           |       |       |    68 |    68 ||   136
  Throw: Dart              |       |     1 |    10 |       ||    11
 Invoke: Ancestor Life: Ba |       |       |     1 |       ||     1
  Evoke: Wand              |       |     2 |     2 |     7 ||    11
    Use: Scroll            |     3 |     6 |     4 |       ||    13
         Potion            |       |       |     1 |     1 ||     2
   Stab: Distracted        |       |       |     8 |     1 ||     9
 Armour: Leather armour    |     5 |       |       |       ||     5
         Ring mail         |    43 |    21 |    55 |    23 ||   142
         Troll leather arm |       |       |       |     2 ||     2
  Dodge: Dodged            |    91 |    34 |    76 |    47 ||   248
